 Dungeon Crawl Stone Soup version 0.29.1-2-gbd0b4ee654 (webtiles) character file.

Game seed: 13197377560872584846

84 raph the Firebug (level 4, 0/24 HPs)
             Began as a Gargoyle Fire Elementalist on Nov 29, 2022.
             Slain by a gnoll
             ... wielding a +0 halberd
              (11 damage)
             ... on level 2 of the Dungeon.
             The game lasted 00:03:07 (2416 turns).

raph the Firebug (Gargoyle Fire Elementalist)       Turns: 2416, Time: 00:03:08

Health: 0/24       AC:  5    Str: 12    XL:     4   Next: 46%
Magic:  4/7        EV: 11    Int: 17    God:
Gold:   103        SH:  0    Dex: 10    Spells: 1/7 levels left

rFire   . . .      SeeInvis .   i - +0 dagger
rCold   . . .      Faith    .   (no shield)
rNeg    + . .      Spirit   .   a - +0 robe
rPois   ∞          Reflect  .   (no helmet)
rElec   +          Harm     .   (no cloak)
rCorr   .          Rampage  .   (no gloves)
Will    .....                   (no boots)
Stlth   ++........              (no amulet)
HPRegen 0.08/turn               (no ring)
MPRegen 0.10/turn               (no ring)

@: no status effects
A: sickness immunity, AC +3, negative energy resistance 1, electricity
resistance, torment resistance 1, petrification resistance
a: no special abilities


You were on level 2 of the Dungeon.
You visited 1 branch of the dungeon, and saw 2 of its levels.

You collected 103 gold pieces.

Inventory:

Hand Weapons
 i - a +0 dagger (weapon)
Armour
 a - a +0 robe (worn)
Scrolls
 c - 2 scrolls of teleportation {unknown}
 f - a scroll of brand weapon {unknown}
 h - a scroll of blinking {unknown}
 j - 2 scrolls of poison {unknown}
 k - a scroll of enchant armour {unknown}
Potions
 b - a potion of magic
 d - a potion of resistance {unknown}
 e - a potion of berserk rage {unknown}
 g - a potion of brilliance {unknown}
 l - a potion of lignification {unknown}


   Skills:
 - Level 1.5 Dodging
 - Level 2.1 Stealth
 + Level 2.3 Spellcasting
 + Level 2.9 Conjurations
 * Level 4.2 Fire Magic


You had one spell level left.
You knew the following spells:

 Your Spells              Type           Power      Damage    Failure   Level
a - Foxfire               Conj/Fire      56%        2x1d6     4%          1
b - Scorch                Fire           32%        2d7       4%          2
c - Conjure Flame         Conj/Fire      14%        6-21      13%         3

Your spell library contained the following spells:

 Spells                   Type           Power      Damage    Failure   Level
 Magic Dart               Conj           44%        1d5       5%          1
 Apportation              Tloc           2%         N/A       19%         1
 Sandblast                Erth           2%         2d4       19%         1
 Inner Flame              Hex/Fire       9%         N/A       24%         3
 Call Imp                 Summ           1%         N/A       28%         2
 Passwall                 Tmut/Erth      0%         N/A       28%         2
 Stone Arrow              Conj/Erth      12%        3d7       30%         3
 Mephitic Cloud           Conj/Pois/Air  5%         N/A       36%         3
 Flame Wave               Conj/Fire      14%        2d6       41%         4
 Fireball                 Conj/Fire      7%         3d5       77%         5
 Alistair's Intoxication  Tmut/Pois      0%         N/A       99%         5
 Starburst                Conj/Fire      7%         6d4       100%        6
 Ignition                 Fire           8%         3d5       100%        8


Dungeon Overview and Level Annotations

Branches:
Dungeon (2/15)

Altars:

Shops:
D:2 (


Innate Abilities, Weirdness & Mutations

You are immune to sickness and miasma.
Your stone body is resilient. (AC +3)
You are immune to poison.
You resist negative energy. (rN+)
You are resistant to electric shocks. (rElec)
You are resistant to unholy torment.
You are immune to petrification.


Message History

Casting: Foxfire (safe; 4% risk of failure)
Confirm with . or Enter, or press ? or * to list all spells.
Flames lash the gnoll.
You kill the gnoll!
You start resting.
Magic restored.
You start resting.
HP restored.
You start waiting.
Done waiting.
There is an escape hatch in the floor here.
You see here a +0 dagger.
There is a stone staircase leading down here.
You see here a +0 club.
You climb downwards.
There is a stone staircase leading up here.
You start waiting.
Done waiting.
A gnoll is nearby!
Casting: Scorch (safe; 4% risk of failure)
Confirm with . or Enter, or press ? or * to list all spells.
You conjure some foxfire!
Casting: Foxfire (safe; 4% risk of failure)
Confirm with . or Enter, or press ? or * to list all spells.
You conjure some foxfire!
The foxfire hits the gnoll but does no damage.
Casting: Foxfire (safe; 4% risk of failure)
Confirm with . or Enter, or press ? or * to list all spells.
You conjure some foxfire!
The foxfire hits the gnoll.
The gnoll is moderately wounded.
The foxfire hits the gnoll but does no damage.
The gnoll is moderately wounded.
The gnoll hits you from afar with a +0 halberd!
Ouch! That really hurt!
Your foxfire dissipates!
The foxfire hits the gnoll.
The gnoll is heavily wounded.
The foxfire hits the gnoll.
The gnoll is severely wounded.
The gnoll hits you from afar with a +0 halberd!
You die...

#...# ##.....#####....# ###.#
#..########..#..#
#.###.##........#..##
#.....##.>......#.####
#####...####........#.##..
##.....#.## #........#.#...
####..#####..###........#.#.8.
#........(..................._
#############@##.########...8.
#.....# #.§..# #...... #.....#
##.g.# #.##### #..>..# ##.#g##
#.##### #.....######..#..###
#.##...
#......##..........####....##
#.......#.......##......#####
#.....#.#.......#........∩..#
####.....#.###.......###......<#


You could see 2 gnolls.

Vanquished Creatures
  A hound (D:1)
  A gnoll (D:1)
  An adder (D:2)
  A dart slug (D:1)
  5 ball pythons
  A bat (D:1)
  An endoplasm (D:2)
  A giant cockroach (D:1)
  2 hobgoblins (D:1)
  3 quokkas (D:1)
  A frilled lizard (D:1)
  6 goblins
  4 kobolds
  5 rats (D:1)
33 creatures vanquished.

Vanquished Creatures (others)
  61 foxfires
61 creatures vanquished.

Grand Total: 94 creatures vanquished

Notes
Turn   | Place    | Note
-------+----------+-------------------------------------------
     0 | D:1      | raph the Gargoyle Fire Elementalist began the quest for the
                  | Orb.
     0 | D:1      | Reached XP level 1. HP: 10/10 MP: 3/3
   153 | D:1      | Reached XP level 2. HP: 15/15 MP: 3/5
   316 | D:1      | Learned a level 2 spell: Scorch
   871 | D:1      | Reached XP level 3. HP: 19/19 MP: 3/6
  1251 | D:2      | Learned a level 3 spell: Conjure Flame
  1318 | D:2      | Found Veosuwi's Weapon Emporium.
  1339 | D:2      | Found a faded altar of an unknown god.
  1568 | D:1      | Reached skill level 4 in Fire Magic
  1568 | D:1      | Reached XP level 4. HP: 8/24 MP: 0/7
  2416 | D:2      | Slain by a gnoll

Illustrated notes

Levels and vault maps discovered:
D:1:      evilmike_arrival_plus, layout_loops_cross
D:2:      layout_rooms, basic_altar, dreamdust_ecumenical_altar_statues,
          serial_shops, shop, uniq_terence

Skill      XL: |  1  2  3 |
---------------+----------+-----
Conjurations   | 2 |  2.9
Fire Magic     | 4 |  4.2
Dodging        | |  1.5
Stealth        | |  2.1
Spellcasting   | |  2.3

Action                   |  1- 3 |  4- 6 || total
-------------------------+-------+-------++-------
Melee: Unarmed           |     4 |       ||     4
 Cast: Foxfire           |    26 |    10 ||    36
       Scorch            |    16 |     3 ||    19
Armor: Robe              |    16 |     2 ||    18
Dodge: Dodged            |    19 |     7 ||    26
